 Dungeon Crawl Stone Soup version 0.27-a0-92-g39ad13b146 (webtiles) character file.

Game seed: 1584578243460721682

371 dickylongcocking the Poker (level 6, -3/49 HPs)
             Began as a Merfolk Chaos Knight on Jan 16, 2021.
             Was a Plaything of Xom.
             Slain by a centaur (5 damage)
             ... on level 6 of the Dungeon.
             The game lasted 00:02:53 (3276 turns).

dickylongcocking the Poker (Merfolk Chaos Knight)   Turns: 3276, Time: 00:02:53

Health: -3/49      AC:  7    Str: 10 (13) XL:     6   Next: 71%
Magic:  6/6        EV: 13    Int:  9 (12) God:    Xom [.*....]
Gold:   176        SH:  0    Dex: 13 (14) Spells: 5/5 levels left

rFire    . . .     SeeInvis .   x - +5 spear
rCold    . . .     Faith    .   (no shield)
rNeg     . . .     Spirit   .   b - +2 leather armour
rPois    .         Reflect  .   h - +0 helmet
rElec    .         Harm     .   (no cloak)
rCorr    .         Rampage  .   (no gloves)
Will     .....                  y - +0 pair of boots
Stlth    ++........             (no amulet)
HPRegen  0.16/turn              (no ring)
MPRegen  0.10/turn              (no ring)

@: lethally poisoned (-3 -> -14), flying
A: change form in water, swift swim, stealthy swim
a: Renounce Religion


You were on level 6 of the Dungeon.
You worshipped Xom.
You were a plaything of Xom.
You visited 1 branch of the dungeon, and saw 5 of its levels.

You collected 176 gold pieces.

Inventory:

Hand Weapons
 a - a +0 spear of chaos
 x - a +5 spear (weapon)
Armour
 b - a +2 leather armour (worn)
 h - a +0 helmet (worn)
 y - a +0 pair of boots (worn)
Jewellery
 i - a cursed -4 ring of intelligence {unknown}
 r - a cursed ring of stealth {unknown}
Scrolls
 c - 6 scrolls of identify {unknown}
 d - 2 scrolls of enchant armour {unknown}
 g - 3 scrolls of teleportation {unknown}
 j - a scroll of amnesia {unknown}
 k - 2 scrolls of immolation {unknown}
 l - a scroll of magic mapping {unknown}
 m - a scroll of fear {unknown}
 q - a scroll of fog {unknown}
 s - a scroll of enchant weapon {unknown}
 t - 2 scrolls of remove curse {unknown}
Potions
 e - a potion of degeneration
 n - a potion of haste
 o - 3 potions of curing {unknown}
 p - 3 potions of mutation {unknown}
 u - a potion of resistance {unknown}
 v - a potion of cancellation


   Skills:
 + Level 4.6 Fighting
 + Level 7.2 Polearms
 + Level 2.1 Armour
 + Level 4.5 Dodging
 + Level 1.6 Stealth


You had 5 spell levels left.
You didn't know any spells.
Your spell library was empty.

Dungeon Overview and Level Annotations

Branches:
Dungeon (4/15)
 Temple: D:4-7

Altars:
Kikubaaqudgha
Nemelex Xobeh
Okawaru
Uskayaw

Shops:
D:4 *   D:6 =


Message History

* * * LOW HITPOINT WARNING * * *
The centaur closely misses you.
Unknown command.
Unknown command.
It was a potion of cancellation.
Your magical effects are unravelling.
You feel magically purged.
You feel a little less mighty now.
* * * LOW HITPOINT WARNING * * *
You feel sick. The centaur closely misses you.
The orc hits you but does no damage. The orc barely misses you.
It was a potion of flight.
You feel very buoyant.
You fly up into the air.
* * * LOW HITPOINT WARNING * * *
You feel sick. "Serve the toy, my child!"
You are now a plaything of Xom.
The centaur hits you.
You die...

.... #.##
######### ..
#..########
#.........#
#.#.#.#.#.#
#+####..........
.......#.#.#.#..
................
.......#.#.#.#..
+####.@o.......
#.)#c#.#.#.#
#...5o.....#
...........####
...........#
............#
............#
............#
............


You could see a centaur, 2 orcs and a friendly iron imp (summoned).

Vanquished Creatures
  An ogre (D:6)
  2 orc wizards (D:6)
  3 worker ants
  2 gnolls
  3 adders
  3 oozes
  A worm (D:2)
  2 dart slugs
  4 leopard geckos
  10 orcs
  2 giant cockroaches
  3 goblins
  4 hobgoblins
  4 jackals (D:3)
  4 quokkas
  7 bats
  4 frilled lizards (D:1)
  4 kobolds
  3 rats
66 creatures vanquished.

Vanquished Creatures (collateral kills)
  A gnoll (D:2)
  An orc (D:6)
  A goblin (D:2)
3 creatures vanquished.

Grand Total: 69 creatures vanquished

Notes
Turn   | Place    | Note
-------+----------+-------------------------------------------
     0 | D:1      | dickylongcocking the Merfolk Chaos Knight began the quest
                  | for the Orb.
     0 | D:1      | Reached XP level 1. HP: 18/18 MP: 1/1
   154 | D:1      | Reached XP level 2. HP: 24/24 MP: 2/2
   461 | D:1      | XOM: noise
   577 | D:1      | XOM: divination: magic mapping
   948 | D:2      | Reached skill level 5 in Polearms
   950 | D:2      | Reached XP level 3. HP: 15/30 MP: 3/3
  1299 | D:2      | XOM: silly message
  1510 | D:3      | XOM: noise
  1515 | D:3      | XOM: silly message
  1526 | D:3      | Reached XP level 4. HP: 36/37 MP: 4/4
  1532 | D:3      | Reached skill level 1 in Armour
  1587 | D:3      | XOM: 3-stop teleportation journey
  1753 | D:2      | XOM: blink monster(s)
  1914 | D:1      | XOM: noise
  1975 | D:1      | XOM: god gift: 32 gold pieces
  2129 | D:3      | Found a sparkling altar of Nemelex Xobeh.
  2132 | D:3      | XOM: polymorph orc -> quokka
  2216 | D:3      | XOM: god gift: 13 stones
  2324 | D:3      | XOM: silly message
  2353 | D:3      | Reached skill level 1 in Stealth
  2353 | D:3      | Reached XP level 5. HP: 23/42 MP: 5/5
  2667 | D:3      | Reached skill level 6 in Polearms
  3037 | D:4      | Found Suammezu's General Store.
  3080 | D:4      | You fall into a shaft and drop 2 floors!
  3080 | D:6      | Found Qigeirus's Jewellery Boutique.
  3108 | D:6      | XOM: summons 3 friendly demons
  3119 | D:6      | Reached XP level 6. HP: 46/49 MP: 6/6
  3179 | D:6      | Found a hide-covered altar of Uskayaw.
  3182 | D:6      | Found an iron altar of Okawaru.
  3193 | D:6      | Reached skill level 7 in Polearms
  3209 | D:6      | Found an ancient bone altar of Kikubaaqudgha.
  3275 | D:6      | HP: 2/49 [poisoned by an orc wizard]
  3276 | D:6      | XOM: summons friendly iron imp
  3276 | D:6      | Slain by a centaur

Illustrated notes

Levels and vault maps discovered:
D:1:      ncdulo_wetmaze, layout_basic, hangedman_decor_clover_reticule
D:2:      layout_rooms
D:3:      layout_rooms, general_overflow_altar
D:4:      layout_basic, serial_shops, kennysheep_mini, shop, shop,
          hangedman_feature_mirror, bh_walls_and_bars
D:6:      minmay_angry_zag, layout_basic, fedhas_altar_decomposition,
          nzn_hepliaklqana_mist_gate, fiery_altar_vehumet,
          minmay_overflow_temple_star_quad, gup_sewer_entry_bubbles,
          serial_glass, glass_columns_c, glass_columns_a, glass_columns_a,
          glass_columns_a, serial_shops, shop, shop, kennysheep_potato

Skill      XL: |  1  2  3  4  5  6 |
---------------+-------------------+-----
Dodging        | 3 4 |  4.5
Polearms       | 5 6 7 |  7.2
Fighting       | 4 |  4.6
Armour         | 1 2 |  2.1
Stealth        | 1 |  1.6

Action                   |  1- 3 |  4- 6 || total
-------------------------+-------+-------++-------
Melee: Spear             |   107 |   131 ||   238
  Use: Potion            |       |     4 ||     4
 Stab: Paralysed         |     1 |       ||     1
       Sleeping          |     1 |       ||     1
Armor: Leather armour    |    28 |    31 ||    59
Dodge: Dodged            |    63 |    84 ||   147

Table legend: (Time is in decaauts)
 A = Elapsed time spent in this place.
 B = Non-inter-level travel time spent in this place.
 C = Inter-level travel time spent in this place.
 D = Time resting spent in this place.
 E = Time spent auto-exploring this place.
 F = Levels seen in this place.
 G = Mean time per level.
                   A        B        C        D        E       F      G
               +--------+--------+--------+--------+--------+-----+--------+
         Total |   3228 |   3111 |    117 |    662 |   1920 |   5 |  645.6 |
       Dungeon |   3228 |   3111 |    117 |    662 |   1920 |   5 |  645.6 |
               +--------+--------+--------+--------+--------+-----+--------+

Top non-repeatable levels by time:
     D:1: 1232 daAuts
     D:3: 829 daAuts
     D:2: 761 daAuts
     D:4: 216 daAuts
     D:6: 187 daAuts
